Map: Catalyseur EC

Players

Foxy

  • Race: Zerg Zerg
  • League: Diamond
  • Spawn Location: 5:00

HoldTheDoor - Winner!

  • Race: Protoss Protoss
  • League: Diamond
  • Spawn Location: 11:00

VOD

Have the link to the VOD?

Description

Time

  • Played on: July 8, 2018, 8:03 a.m.
  • Length: 3:20
Show
View Real Time Build Order
Export as new Build Order

Foxy Zerg 

Build Orders: Hatch First 

Get SALT Encoding   

  12  0:01  Drone  
  13  0:13  Overlord  
  13  0:17  Drone  
  14  0:31  Drone x2  
  16  0:36  Drone  
  17  0:46  Drone  
  18  0:57  Hatchery, Drone  
  18  1:00  Extractor  
  17  1:13  Spawning Pool  
  17  1:16  Drone  
  17  1:21  Drone  
  18  1:28  Drone  
  19  1:39  Overlord  
  19  1:50  Drone  
  20  2:00  Queen  
  22  2:01  Drone  
  23  2:10  Drone  
  24  2:17  Queen, Drone  
  24  2:19  Drone  
  28  2:24  Zergling x2  
  28  2:26  Spine Crawler  
  28  2:40  Zergling x4  
  31  2:51  Zergling x2  
  30  3:02  Zergling x2  
  30  3:03  Zergling x4  
Show
View Real Time Build Order
Export as new Build Order

HoldTheDoor Protoss - Winner!

Build Orders:  

Get SALT Encoding   

  12  0:00  Probe  
  13  0:13  Probe  
  14  0:25  Probe  
  15  0:43  Pylon  
  15  1:01  Probe, Gateway  
  15  1:02  Gateway  
  16  1:06  Gateway  
  16  1:14  Gateway  
  16  1:21  Pylon  
  16  1:40  Zealot  
  16  1:41  Zealot  
  20  1:59  Zealot  
  22  2:01  Zealot  
  22  2:06  Zealot x2  
  28  2:11  Pylon  
  28  2:26  Zealot  
  28  2:29  Zealot  
  32  2:33  Zealot  
  32  2:36  Zealot  
  36  2:53  Zealot  
  38  3:05  Pylon  
Tags
 
Add a new tag
Caveats
  • Supply blocks, unpowered buildings, or Contaminate may cause inaccurate times.
  • Supply counts are checked every 10 seconds.